 Dungeon Crawl Stone Soup version 0.22-a0-407-gb098539405 (webtiles) character file.

175 Chiseanne the Skirmisher (level 5, 0/47 HPs)
             Began as a Centaur Monk on May 9, 2018.
             Slain by a rat (1 damage)
             ... in a sewer.
             The game lasted 00:04:58 (2629 turns).

Chiseanne the Skirmisher (Centaur Monk)             Turns: 2629, Time: 00:04:59

Health: 0/47       AC: 10    Str: 16 (19) XL:     5   Next: 29%
Magic:  5/5        EV:  8    Int: 12 (14) God:
Gold:   143        SH:  8    Dex: 10 (12) Spells: 4/4 levels left

rFire    . . .     SeeInvis .   a - +0 falchion
rCold    . . .     Gourm    .   s - +1 shield
rNeg     . . .     Faith    .   b - +0 robe
rPois    .         Spirit   .   (no helmet)
rElec    .         Reflect  .   l - +0 cloak
rCorr    .         Harm     .   m - +1 pair of gloves
MR       .....                  (no barding)
Stlth    +.........             (no amulet)
HPRegen  0.15/turn              n - +3 ring of protection
MPRegen  0.09/turn              (no ring)

@: mighty, brilliant, lethally poisoned (0 -> -2), very quick
A: large, hooves 3, deformed body, speed 2, tough skin 3
a: no special abilities


You were in a sewer.
You were hungry.

You visited 1 branch of the dungeon, and saw 3 of its levels.
You also visited: Sewer.

You collected 143 gold pieces.

Inventory:

Hand Weapons
 a - a +0 falchion (weapon)
Missiles
 e - 167 stones (quivered)
 j - 22 arrows
 k - 23 sling bullets
 o - 17 poisoned needles
 y - 16 bolts
Armour
 b - a +0 robe (worn)
 l - a +0 cloak (worn)
 m - a +1 pair of gloves (worn)
 s - a +1 shield (worn)
Jewellery
 n - a +3 ring of protection (left hand)
Scrolls
 g - a scroll of identify
 h - a scroll of blinking
 p - 2 scrolls of magic mapping
 u - a scroll of enchant armour
Comestibles
 c - 4 rations
 q - a chunk of flesh


   Skills:
 * Level 4.5 Fighting
 - Level 2.6 Long Blades
 * Level 3.3 Dodging
 - Level 1.1 Stealth
 * Level 1.3 Shields


You had 4 spell levels left.
You didn't know any spells.

Dungeon Overview and Level Annotations

Branches:
Dungeon (3/15)

Altars:


Innate Abilities, Weirdness & Mutations

You have hooves in place of feet.
Armour fits poorly on your strangely shaped body.
You cover ground very quickly.
You have extremely tough skin. (AC +3)


Message History

You block the adder's attack.
The frilled lizard bites you but does no damage.
You slash the adder!
You kill the adder!
* * * LOW HITPOINT WARNING * * *
You feel sick. The rat closely misses you.
The frilled lizard bites you but does no damage.
You block the rat's attack. You block the frilled lizard's attack.
You aren't carrying any potions.
Unknown command.
Okay, then.
Put on which piece of jewellery? (? for menu, Esc to quit)
n - a +3 ring of protection (left hand)
You slash the rat!
You kill the rat!
* * * LOW HITPOINT WARNING * * *
You feel sick. The rat misses you.
The frilled lizard bites you but does no damage.
The rat bites you.
You die...

....##
##......#
..†.#
##.≈≈≈##
≈≈≈†#
#≈≈≈≈≈≈#
≈≈†≈#
#≈≈≈≈≈≈#
≈≈≈≈#
#≈≈≈≈#≈#
≈≈≈≈#
#≈≈≈≈≈≈#
≈≈≈≈#
#≈≈≈≈≈≈#
≈≈.≈#
#≈≈≈≈†≈#
≈≈≈≈#
#≈≈≈≈r@#
≈≈≈≈#
#≈≈≈r†l#
≈#≈≈#
#≈≈≈≈≈≈#
≈≈≈≈#
#≈≈≈≈≈≈#
≈≈≈≈#
#≈≈≈≈≈≈#
≈≈≈≈#
#≈≈≈≈≈≈#
≈≈≈≈#
#≈≈≈≈≈≈#
≈≈≈≈#
#≈≈†≈≈≈#
≈≈≈≈#
#≈≈†≈≈≈#


You could see a frilled lizard and 2 rats.

Vanquished Creatures
  2 river rats
  8 adders
  A worm (D:2)
  3 dart slugs
  2 leopard geckos
  7 giant cockroaches
  5 hobgoblins
  5 jackals
  3 ball pythons
  4 bats
  6 frilled lizards
  8 goblins
  6 kobolds
  23 rats
83 creatures vanquished.

Notes
Turn   | Place    | Note
-------+----------+-------------------------------------------
     0 | D:1      | Chiseanne the Centaur Monk began the quest for the Orb.
     0 | D:1      | Reached XP level 1. HP: 19/19 MP: 1/1
   390 | D:1      | Reached XP level 2. HP: 23/26 MP: 2/2
  1262 | D:2      | Reached XP level 3. HP: 31/31 MP: 3/3
  1477 | D:2      | Reached skill level 4 in Fighting
  1504 | D:2      | Reached XP level 4. HP: 39/40 MP: 4/4
  2368 | D:3      | Found a glowing drain.
  2376 | D:3      | Reached skill level 1 in Shields
  2482 | Sewer    | Entered a sewer
  2564 | Sewer    | Reached XP level 5. HP: 46/47 MP: 5/5
  2625 | Sewer    | HP: 2/47 [adder (2)]
  2629 | Sewer    | Slain by a rat

Vault maps used:
D:1:      dpeg_arrival_morbid_curiosity
D:3:      nemelex_xobeh_ov_fountains_minmay, lemuel_round_altar, first_ration,
          gup_sewer_entry_bubbles, uniq_sigmund, uniq_ijyb, uniq_robin
Sewer:    sewer_minmay_w

Skill      XL: |  1  2  3  4 |
---------------+-------------+-----
Fighting       | 4 |  4.5
Dodging        | 3 |  3.3
Shields        | 1 |  1.3
Long Blades    | |  2.6
Stealth        | |  1.1

Action                   |  1- 3 |  4- 6 || total
-------------------------+-------+-------++-------
Melee: Falchion          |    75 |   136 ||   211
       Kick              |    19 |    25 ||    44
  Use: Scroll            |       |     8 ||     8
       Potion            |       |     3 ||     3
  Eat: Chunk             |     1 |     3 ||     4
Armor: Robe              |    37 |    90 ||   127
Dodge: Dodged            |    37 |    84 ||   121
Block: Shield            |     4 |    99 ||   103
       Rpst.: Falchion   |    12 |    22 ||    34

Table legend:
 A = Spawn XP
 B = Non-spawn XP
 C = Spawn XP percentage of total XP
 D = Spawn monster count
 E = Non-spawn monster count
 F = Spawn count percentage of total count
 G = Total turns spent on level
                    A         B        C        D         E        F      G
               +---------+---------+-------+---------+---------+-------+---------
         Total |       0 |     250 |   0.0 |       0 |      83 |   0.0 |  2629
               +---------+---------+-------+---------+---------+-------+---------
           D:1 |       0 |      40 |   0.0 |       0 |      24 |   0.0 |  1259
           D:2 |       0 |     101 |   0.0 |       0 |      31 |   0.0 |   977
           D:3 |       0 |      41 |   0.0 |       0 |      10 |   0.0 |   246
         Sewer |       0 |      68 |   0.0 |       0 |      18 |   0.0 |   147
               +---------+---------+-------+---------+---------+-------+---------
